[Event "IV Elllobregat Open Chess Tmnt"]
[Site "Sant Boi de Llobregat, Spain"]
[Date "2023.12.01"]
[Round "2.32"]
[White "Kaasen, Tor Fredrik"]
[Black "Bakhrillaev, Bakhrom"]
[Result "0-1"]
[TimeControl "90min/40moves + 15min/end + 30sec from move 1"]
[WhiteFideId "1516647"]
[BlackFideId "14212285"]
[WhiteElo "2471"]
[BlackElo "2332"]

1. e4 e5 2. Nf3 Nc6 3. Bb5 a6 4. Ba4 Nf6 5. O-O d6 6. Re1 Bd7 7. c4 g6 8. Bxc6 Bxc6 9. Nc3 Bg7 10. d4 exd4 11. Nxd4 O-O 12. f3 Nd7 13. Be3 Ne5 14. b3 Bd7 15. Qd2 Rb8 16. Bh6 Bxh6 17. Qxh6 b5 18. cxb5 axb5 19. Qd2 b4 20. Nd5 c6 21. Ne3 c5 22. Ne2 Bb5 23. Red1 Qg5 24. Kh1 Nd3 25. Nc1 Nf4 26. Nd5 Qe5 27. Rb1 Nxd5 28. Qxd5 Rfd8 29. Qd2 d5 30. exd5 Rd6 31. Qb2 Qe3 32. Qd2 Qe5 33. Qb2 Rxd5 34. Nd3 Qxb2 35. Nxb2 Rxd1+ 36. Nxd1 Re8 37. Nf2 Re2 38. Kg1 Rxa2 39. Rc1 c4 40. bxc4 Bxc4 41. Rxc4 Ra1+ 42. Nd1 Rxd1+ 43. Kf2 Rd2+ 44. Kg3 b3 45. Rb4 b2 46. f4 Kf8 47. Rb7 Ke8 48. Kf3 Kd8 49. h4 Kc8 50. Rb4 Kc7 51. g3 Kc6 52. Ke3 Kc5 53. Rb7 Rg2 54. Kd3 h5 55. Ke4 Kc4 56. Kf3 Rh2 57. f5 gxf5 58. Kf4 Kc3 59. Kxf5 Rg2 60. Rc7+ Kd2 61. Rb7 Kc1 62. Rc7+ Rc2 0-1

[Event "IV Elllobregat Open Chess Tmnt"]
[Site "Sant Boi de Llobregat, Spain"]
[Date "2023.12.01"]
[Round "2.33"]
[White "Selbes, Tamer Tarik"]
[Black "Vaishali, Rameshbabu"]
[Result "0-1"]
[TimeControl "90min/40moves + 15min/end + 30sec from move 1"]
[WhiteFideId "6302513"]
[BlackFideId "5091756"]
[WhiteElo "2238"]
[BlackElo "2467"]

1. Nf3 Nf6 2. g3 b6 3. Bg2 Bb7 4. d4 g6 5. c4 Bg7 6. O-O O-O 7. Nc3 Ne4 8. Qd3 Nxc3 9. bxc3 Nc6 10.
c5 Na5 11. e4 bxc5 12. Qb5 c6 13. Qxc5 d6 14. Qa3 c5 15. Re1 cxd4 16. cxd4 Nc4 17. Qb4 Ba6 18. Bg5 Rb8 19. Qa4 Bb5 20.
Qxa7 Qc8 21. Rab1 Rb7 22. Qxb7 Qxb7 23. a4 h6 24. Rxb5 Qa7 25. Be3 Qxa4 26. Rb7 Nxe3 27. fxe3 e6 28.
Reb1 Qc2 29. Ne1 Qd2 30. R7b3 Ra8 31. e5 Ra2 32. exd6 Qf2+ 33. Kh1 Re2 34. h3 Rxe1+ 35. Rxe1 Qxe1+ 36. Kh2 Bf6 37. Rb8+ Kg7 38. d7 Qa5 39. e4 Qc7 0-1

[Event "IV Elllobregat Open Chess Tmnt"]
[Site "Sant Boi de Llobregat, Spain"]
[Date "2023.12.01"]
[Round "2.34"]
[White "Fernandez Guillen, Ernesto J."]
[Black "Karabalis, Harilos"]
[Result "1-0"]
[TimeControl "90min/40moves + 15min/end + 30sec from move 1"]
[WhiteFideId "3512428"]
[BlackFideId "4621808"]
[WhiteElo "2462"]
[BlackElo "2233"]

1. Nf3 Nf6 2. g3 g6 3. Bg2 Bg7 4. O-O O-O 5.
d4 d6 6. c4 Nc6 7. d5 Nb8 8. Nc3 e5 9. e4 a5 10. Qc2 Na6 11. a3 Nc5 12. Be3 Ng4 13.
Bxc5 dxc5 14. Rad1 Nh6 15.
Qd2 Bd7 16. Nxe5 Bxe5 17. Qxh6 f5 18. exf5 Bxf5 19. Qd2 Qf6 20. f4 Bd4+ 21. Kh1 Rae8 22. Rfe1 h5 23. h4 Bg4 24.
Rc1 Bf5 25. Kh2 Qg7 26. Rxe8 Rxe8 27. Re1 Rxe1 28. Qxe1 Bxc3 29. bxc3 Bd3 30. Qe3 Qxc3 31. f5 gxf5 32.
Qe8+ Kg7 33. Qe7+ Kh8 34. Qd8+ Kh7 35. Qxc7+ Kh8 36. Qc8+ Kh7 37. Qxb7+ Kh8 38.
Qb8+ Kh7 39. Qc7+ Kh8 40. d6 f4 41. d7 fxg3+ 42. Qxg3 1-0

[Event "IV Elllobregat Open Chess Tmnt"]
[Site "Sant Boi de Llobregat, Spain"]
[Date "2023.12.01"]
[Round "2.35"]
[White "Kairbekova, Amina"]
[Black "Garcia Ramos, Daniel"]
[Result "1/2-1/2"]
[TimeControl "90min/40moves + 15min/end + 30sec from move 1"]
[WhiteFideId "13712799"]
[BlackFideId "32010311"]
[WhiteElo "2228"]
[BlackElo "2461"]

1. e4 c6 2. d4 d5 3. e5 Bf5 4. Nf3 e6 5. Be2 Nd7 6. O-O a6 7. a4 h6 8. a5 Ne7 9. b4 g5 10.
Ne1 Rg8 11. c3 Qc7 12. Na3 f6 13. Bh5+ Kd8 14. f4 gxf4 15. Bxf4 fxe5 16. dxe5 c5 17. Nf3 Bg7 18. Kh1 Be4 19.
bxc5 Bxe5 20. Bxe5 Nxe5 21. Nc2 Nf5 22. Ncd4 Nxd4 23. Qxd4 Qg7 24. Ra2 Nc4 25. Qf2 Kd7 26. Nd4 Raf8 27.
Bf3 e5 28. c6+ bxc6 29. Nb3 Bxf3 30. gxf3 Kc8 31. Nc5 Qa7 32. Rb1 e4 33. Rb7 Qxb7 34. Nxb7 Rxf3 35. Qe2 Kxb7 36. Ra1 Kc7 37.
Qd1 Rgf8 38. Qd4 Kd6 39. Rg1 Rf1 40. Qg7 R8f6 41. Qg3+ Ne5 42. Rxf1 Rxf1+ 43. Kg2 Rf6 44. Qh4 Ke7 45.
Qh3 Nd7 46. Qe3 Re6 47. Kf2 c5 48. Ke2 Kd6 49. Qf4+ Kc6 50. Qf7 Kd6 51. Qf4+ Ke7 52. Qe3 Rf6 53. Qg1 Kd6 54. Qg3+ Kc6 55.
Qg8 Kd6 56. Qa8 Ke5 57. Qe8+ Kd6 58. Qa8 Ke5 59. Qe8+ Kd6 60. Qa8 1/2-1/2

[Event "IV Elllobregat Open Chess Tmnt"]
[Site "Sant Boi de Llobregat, Spain"]
[Date "2023.12.01"]
[Round "2.36"]
[White "Pomes Marcet, Joan"]
[Black "Stoyanov, Tsvetan"]
[Result "0-1"]
[TimeControl "90min/40moves + 15min/end + 30sec from move 1"]
[WhiteFideId "2200139"]
[BlackFideId "2917173"]
[WhiteElo "2221"]
[BlackElo "2458"]

1. d4 d5 2. c4 e6 3. Nc3 Nf6 4. cxd5 exd5 5. Bg5 Bb4 6. e3 h6 7. Bh4 g5 8. Bg3 Ne4 9. a3 Bxc3+ 10. bxc3 h5 11. f3 Nxg3 12. hxg3 Nc6 13. c4 dxc4 14. Bxc4 Qe7 15. Kf2 Bd7 16. Ne2 O-O-O 17. Qd2 h4 18.
Bd5 g4 19. fxg4 hxg3+ 20. Nxg3 Qf6+ 21. Bf3 Bxg4 22. Qb2 Rhg8 23. Rab1 b6 24. Qb5 Bxf3 25. gxf3 Nxd4 26. Qh5 Rxg3 27.
Kxg3 Nf5+ 28. Kf2 Qe6 29. Rbe1 Qa2+ 30. Re2 Qxe2+ 31. Kxe2 Ng3+ 32. Kf2 Nxh5 33. Rxh5 Rd2+ 34. Kg3 Rd3 35.
e4 Kd7 36. Kg4 Rxa3 37. f4 a5 38. Rh7 Ke7 39. e5 Re3 40. Rh6 Rc3 41. f5 Rc5 42. Kf4 a4 43. Rh7 a3 44. e6 a2 45.
Rxf7+ Ke8 0-1

[Event "IV Elllobregat Open Chess Tmnt"]
[Site "Sant Boi de Llobregat, Spain"]
[Date "2023.12.01"]
[Round "2.37"]
[White "Zwirs, Nico"]
[Black "Banos, Oscar"]
[Result "1/2-1/2"]
[TimeControl "90min/40moves + 15min/end + 30sec from move 1"]
[WhiteFideId "1036432"]
[BlackFideId "107174"]
[WhiteElo "2458"]
[BlackElo "2188"]

1. e4 c5 2. Nf3 Nc6 3. d4 cxd4 4. Nxd4 e5 5. Nb5 d6 6. c4 g6 7. Bd3 Nf6 8. O-O Bg7 9. N5c3 O-O 10.
Nd5 Nxd5 11. cxd5 Nb4 12. Be2 f5 13. Nc3 f4 14. Bd2 Na6 15. a4 Nc7 16. Nb5 Ne8 17. Rc1 Rf7 18. Qb3 Bf8 19.
Rc2 Bd7 20. Rfc1 a6 21. Na3 Nf6 22. f3 Qe8 23. Rc7 g5 24. Qb6 g4 25. Nc4 gxf3 26. Bxf3 Rg7 27. Nxd6 Qg6 28. Nf5 Bxf5 29.
exf5 Qxf5 30. Qe6+ Qxe6 31. dxe6 e4 32. Be2 Bd6 33. Rxg7+ Kxg7 34. Bc3 Kg6 35. Rd1 Bc5+ 36. Kf1 Kf5 37. Bc4 b5 38. axb5 axb5 39.
Bd5 Ra7 40. Bxf6 Kxf6 41. Bxe4 Kxe6 42. Ke2 Bd6 43. Kf3 b4 44. b3 Be5 45. Rd8 Rc7 46. Bd3 Ke7 47. Rd5 Bd6 48. Bc4 Rc5 49.
Rd2 Re5 50. Ra2 h5 51. Ra7+ Kf6 52.
Ra6 Re3+ 53. Kf2 Ke7 54. Ra7+ Kf6 55. Rf7+ Kg6 56. Rd7 Be5 57. Rd5 h4 58. Rd8 Rc3 59. h3 Bc7 60. Rd7 Bb6+ 61.
Ke2 Be3 62. Bd5 Kf6 63. Rb7 Ke5 64. Rb5 Bc5 65. Bc4 Kd4 66. Rb7 Rg3 67. Rd7+ Kc3 68. Kf1 Bd4 69. Rf7 f3 70. Rxf3+ Rxf3+ 71. gxf3 Kd2 72. f4 Ke3 73.
f5 Kf4 74. Be6 Kg3 1/2-1/2

[Event "IV Elllobregat Open Chess Tmnt"]
[Site "Sant Boi de Llobregat, Spain"]
[Date "2023.12.01"]
[Round "2.38"]
[White "Ribera Veganzones, Serni"]
[Black "Koelle, Tobias"]
[Result "0-1"]
[TimeControl "90min/40moves + 15min/end + 30sec from move 1"]
[WhiteFideId "6900860"]
[BlackFideId "16207378"]
[WhiteElo "2187"]
[BlackElo "2453"]

1. e4 c5 2. Nf3 Nc6 3. d4 cxd4 4. Nxd4 Nf6 5. Nc3 e5 6. Ndb5 d6 7. Nd5 Nxd5 8. exd5 Nb8 9. Qf3 a6 10.
Qa3 Be7 11. Bg5 f6 12. Bd2 O-O 13. Bb4 Qd7 14. O-O-O Rd8 15. Bd2 b6 16. c4 Qb7 17. Nc3 Bf5 18. Be2 Nd7 19. g4 Bg6 20.
h4 b5 21. cxb5 axb5 22. Qb4 Nc5 23. Be3 Na4 24. h5 Nxc3 25. bxc3 Be8 26. Rd2 Ra4 27. Qb2 Rda8 28. Kb1 b4 29.
c4 b3 30. axb3 Ra3 31. Bd1 Qa6 32. Qc3 Bd8 33. Rb2 Ba5 34. Qd3 Bb4 35. Bf3 Bb5 36. Rd1 Rc8 37. Rc1 Ra1+ 38. Kc2 Bxc4 0-1

[Event "IV Elllobregat Open Chess Tmnt"]
[Site "Sant Boi de Llobregat, Spain"]
[Date "2023.12.01"]
[Round "2.39"]
[White "Kawulok, Marek"]
[Black "Rozen, Eytan"]
[Result "0-1"]
[TimeControl "90min/40moves + 15min/end + 30sec from move 1"]
[WhiteFideId "337005"]
[BlackFideId "2816750"]
[WhiteElo "2183"]
[BlackElo "2451"]

1. e4 c6 2. d4 d5 3. e5 c5 4. dxc5 e6 5. Be3 Ne7 6. Nf3 Nd7 7. c4 Nf5 8. cxd5 Nxe3 9. fxe3 Bxc5 10.
dxe6 fxe6 11. Bc4 Bxe3 12. Qe2 Qb6 13. Bxe6 Nxe5 14. Bxc8 Rxc8 15. Nc3 O-O 16. Nxe5 Rfe8 17. Qb5 Qxb5 18.
Nxb5 Rxe5 19. Nc3 Bc1+ 0-1

[Event "IV Elllobregat Open Chess Tmnt"]
[Site "Sant Boi de Llobregat, Spain"]
[Date "2023.12.01"]
[Round "2.40"]
[White "Llaneza Vega, Patricia"]
[Black "Agmanov, Zhandos"]
[Result "0-1"]
[TimeControl "90min/40moves + 15min/end + 30sec from move 1"]
[WhiteFideId "2212676"]
[BlackFideId "13708309"]
[WhiteElo "2099"]
[BlackElo "2448"]

1. e4 e6 2. d4 d5 3. Bd3 dxe4 4. Bxe4 Nf6 5. Bf3 c5 6. Ne2 Be7 7. O-O O-O 8. Nbc3 Nc6 9. Be3 cxd4 10.
Nxd4 Ne5 11. Re1 Nc4 12. Qe2 Nxe3 13. Qxe3 Qb6 14. Rad1 Bd7 15. Nb3 Qc7 16. Rd3 Rfc8 17. Red1 Be8 18.
Nd4 a6 19. Ne4 Nd5 20. Qd2 h6 21. Ng3 Rd8 22. Ndf5 Bg5 23. Qe1 Bb5 24. Rd4 exf5 25. Rxd5 Qxc2 26. Rxd8+ Rxd8 27. Rxd8+ Bxd8 28.
h3 Qxb2 29. Nxf5 Qxa2 30. Qe5 Bf6 31. Nxh6+ Kf8 32. Qc5+ Be7 33. Qc8+ Be8 34. Nf5 Qa1+ 35. Kh2 Qe5+ 36. g3 Bc5 37. Bxb7 g6 38. Ne3 Bxe3 39.
fxe3 a5 40. Bc6 Qb2+ 41. Bg2 a4 42. Qc5+ Kg7 43. Qd4+ Qxd4 44. exd4 f5 0-1

[Event "IV Elllobregat Open Chess Tmnt"]
[Site "Sant Boi de Llobregat, Spain"]
[Date "2023.12.01"]
[Round "2.41"]
[White "Stachanczyk, Jacek"]
[Black "Gholami Orimi, Mahdi"]
[Result "0-1"]
[TimeControl "90min/40moves + 15min/end + 30sec from move 1"]
[WhiteFideId "1116657"]
[BlackFideId "12558486"]
[WhiteElo "2091"]
[BlackElo "2442"]

1. e4 c5 2. Nf3 d6 3. d4 cxd4 4. Nxd4 Nf6 5. Nc3 Nc6 6. Bg5 e6 7. Qd2 a6 8. O-O-O Bd7 9. f4 Be7 10.
Nf3 b5 11. Bxf6 gxf6 12. f5 Qb6 13. fxe6 fxe6 14. g3 O-O-O 15. Bh3 Kb8 16. Kb1 Bc8 17. Rhf1 Rhe8 18. Qh6 Qc7 19. Ne2 Ne5 20.
Nfd4 Bf8 21. Qe3 Nc4 22. Qb3 Na5 23. Qa3 e5 24. Nf5 d5 25. Qf3 dxe4 26. Qxe4 Bb7 27. Qh4 Nc4 28. Rfe1 Nd2+ 29.
Kc1 Nf3 30. Qxf6 Nxe1 31. Rxe1 Qa5 0-1

[Event "IV Elllobregat Open Chess Tmnt"]
[Site "Sant Boi de Llobregat, Spain"]
[Date "2023.12.01"]
[Round "2.42"]
[White "Habans Aguerrea, Javier"]
[Black "Shirov, Alexei"]
[Result "1/2-1/2"]
[TimeControl "90min/40moves + 15min/end + 30sec from move 1"]
[WhiteFideId "24524689"]
[BlackFideId "2209390"]
[WhiteElo "2345"]
[BlackElo "2668"]

1. c4 e5 2. Nc3 Bb4 3. Nd5 Be7 4. d4 d6 5. e4 Nf6 6. Nxe7 Qxe7 7. f3 exd4 8. Qxd4 Nc6 9. Qc3 O-O 10.
Ne2 Ne8 11. Nf4 f5 12. Nd5 Qe6 13. Bd3 Ne5 14. O-O Nxd3 15. Qxd3 fxe4 16. fxe4 Rxf1+ 17. Qxf1 c6 18. Nc3 Qe5 19.
Qf4 Be6 20. Qxe5 dxe5 21. b3 Rd8 22. Bg5 Rd3 23. Rc1 Nf6 24. Bxf6 gxf6 25. Rc2 Kf7 26. Kf2 Bg4 27. Na4 b6 28.
Nb2 Rd4 29. Ke3 Bh5 30. Rd2 c5 31. Na4 Bg6 32. Nc3 h5 33. Rf2 Ke6 34. g3 a6 35. Rd2 h4 36. gxh4 b5 37. Rg2 bxc4 38.
bxc4 Rxc4 39. Kd3 Rd4+ 40. Ke3 Bf7 41. a3 Rd8 42. Rb2 Ke7 43. Rb7+ Kf8 44. Rc7 c4 45. Nd5 f5 46. Nf6 f4+ 47.
Kf2 Rd2+ 48. Ke1 Rg2 49. Nh7+ Kg8 50. Nf6+ Kg7 51. Nd7 Bh5 52. Nxe5+ Kf6 53. Nxc4 Re2+ 54. Kf1 Rxe4 55. Rc6+ Ke7 56.
Nd2 Rd4 57. Nb3 Ra4 58. Nc5 Rc4 59. Re6+ Kf7 60. Re5 Rc1+ 61. Kf2 Rc2+ 62. Kf1 Bg4 63. Ne4 Rxh2 64. Nf2 Bd7 65. Rh5 f3 66.
Rd5 Ke6 67. Rd4 a5 68. Rg4 Kd5 69.
Rf4 Bb5+ 70. Ke1 Be2 71.
Ra4 Kc6 72. Rxa5 Rxh4 73. Re5 Bb5 74.
Re3 Rf4 75. Nd3 Bxd3 1/2-1/2

[Event "IV Elllobregat Open Chess Tmnt"]
[Site "Sant Boi de Llobregat, Spain"]
[Date "2023.12.01"]
[Round "2.43"]
[White "Vallejo Pons, Francisco"]
[Black "Bournel, Antoine"]
[Result "1-0"]
[TimeControl "90min/40moves + 15min/end + 30sec from move 1"]
[WhiteFideId "2205530"]
[BlackFideId "26093553"]
[WhiteElo "2668"]
[BlackElo "2333"]

1. e4 c6 2. d4 d5 3. e5 Bf5 4. c4 e6 5. Nc3 Bb4 6. Qb3 c5 7. cxd5 exd5 8. a3 Bxc3+ 9. bxc3 Nc6 10.
Qxb7 Nge7 11. Bb5 O-O 12. Bxc6 Rb8 13. Qa6 Rb6 14. Qa4 Rxc6 15. Ne2 cxd4 16. Nxd4 Rxc3 17. Qxa7 Bd3 18. Be3 Ng6 19.
e6 Rc7 20. Qa4 Qf6 21. Qa5 Qe5 22. Kd2 Bc4 23. Qb6 Rcc8 24. exf7+ Rxf7 25. Qe6 Qb8 26. Rhb1 Qa8 27. Rb4 Re8 28.
Qc6 Qd8 29. Rab1 Rfe7 30. Nf5 Rc7 31. Qd6 d4 32. Bxd4 Rd7 33. Qc5 Qg5+ 34. Kc3 Bf7 35. Rb8 Rxd4 36. Rxe8+ Bxe8 37. Ne7+ Qxe7 38.
Qxe7 Nxe7 39. Kxd4 Kf7 40. Kc5 Bd7 41. Rb4 Ke8 42. a4 Kd8 43. a5 Bc8 44. Rd4+ Kc7 45. Rf4 Be6 46. Re4 Kd7 47.
a6 Nc8 48. Rb4 1-0

[Event "IV Elllobregat Open Chess Tmnt"]
[Site "Sant Boi de Llobregat, Spain"]
[Date "2023.12.01"]
[Round "2.44"]
[White "Citak, Selim"]
[Black "Puranik, Abhimanyu"]
[Result "0-1"]
[TimeControl "90min/40moves + 15min/end + 30sec from move 1"]
[WhiteFideId "6301819"]
[BlackFideId "5061245"]
[WhiteElo "2350"]
[BlackElo "2627"]

1. d4 d5 2. c4 e6 3. Nf3 Nf6 4. Nc3 Nbd7 5. Bg5 Bb4 6. e3 c5 7. cxd5 exd5 8. Bd3 Qa5 9. O-O c4 10.
Bf5 O-O 11. Qc2 g6 12. Bh3 Kg7 13. Nd2 Nb6 14. Bxc8 Raxc8 15. Bxf6+ Kxf6 16. e4 dxe4 17. Qxe4 Kg7 18. Qxb7 Bxc3 19.
bxc3 Qxc3 20. Qxa7 Qxd4 21. Nf3 Qc5 22. Rfb1 c3 23. Ne1 Rc6 24. Nc2 Ra8 25. Qb7 Rd8 26. Rf1 Rd2 27. Ne3 Na4 28.
Qb3 Nb2 29. a4 Nd3 30. a5 c2 31. Nxc2 Qxc2 32. Qxc2 Rcxc2 33. a6 Nxf2 34. a7 Nh3+ 35. Kh1 Rxg2 0-1

[Event "IV Elllobregat Open Chess Tmnt"]
[Site "Sant Boi de Llobregat, Spain"]
[Date "2023.12.01"]
[Round "2.45"]
[White "Goh, Zi Han"]
[Black "Sanal, Vahap"]
[Result "1/2-1/2"]
[TimeControl "90min/40moves + 15min/end + 30sec from move 1"]
[WhiteFideId "5819156"]
[BlackFideId "6300545"]
[WhiteElo "2333"]
[BlackElo "2608"]

1. d4 d6 2. c4 e5 3. d5 g6 4. Nc3 a5 5. h4 h5 6. Nf3 Na6 7. a3 Nc5 8. Be3 Bg7 9. b4 axb4 10.
axb4 Rxa1 11. Qxa1 Na6 12. Bg5 f6 13. Bd2 f5 14. e4 Nf6 15. Ng5 O-O 16. Qb1 Nh7 17. exf5 gxf5 18. Nxh7 Kxh7 19.
Ne2 c5 20. b5 Nb4 21. Ng3 Bh6 22. Bxh6 Kxh6 23. Be2 f4 24. Ne4 Bf5 25. Bf3 Qe7 26. g3 Ra8 27. O-O Qh7 28. Re1 Qg6 29.
Qb3 Kg7 30. Kh1 Bxe4 31. Bxe4 Qg4 32. Kg2 Ra2 33. Qf3 Nc2 34. Bxc2 Rxc2 35. Qxg4+ hxg4 36. gxf4 exf4 37. Re4 g3 38.
Rxf4 gxf2 39. h5 Kh6 40. Rf6+ Kxh5 41. Rxd6 Rxc4 42. Kxf2 Kg5 43. Ke3 1/2-1/2

[Event "IV Elllobregat Open Chess Tmnt"]
[Site "Sant Boi de Llobregat, Spain"]
[Date "2023.12.01"]
[Round "2.46"]
[White "Pultinevicius, Paulius"]
[Black "Palczert, Matyas"]
[Result "1-0"]
[TimeControl "90min/40moves + 15min/end + 30sec from move 1"]
[WhiteFideId "12809390"]
[BlackFideId "784958"]
[WhiteElo "2589"]
[BlackElo "2349"]

1. d4 d5 2. c4 e6 3. Nc3 h6 4. Nf3 Nf6 5. e3 Bd6 6. Qc2 O-O 7. Be2 b6 8. O-O a6 9. e4 dxe4 10.
Nxe4 Bb7 11. Nxd6 cxd6 12. Bf4 Nc6 13. Rad1 Rc8 14. Qb1 d5 15. b3 Ne4 16. Qb2 Qf6 17. Be3 Rfd8 18. Ne5 Nd6 19.
cxd5 exd5 20. Bg4 Nf5 21. Qb1 g6 22. Rfe1 h5 23. Bh3 Nce7 24. Bc1 Rc3 25. Rd3 Rdc8 26. Ba3 R8c7 27. Nd7 Qg5 28.
Nxb6 Rc2 29. Bc5 R2xc5 30. dxc5 Rxc5 31. Qb2 Nh4 32. Nd7 Rc6 33. Rg3 Qf4 34. Qa3 Nef5 35. Qf8+ Kh7 36. Qxf7+ Kh6 37.
Qf8+ 1-0

[Event "IV Elllobregat Open Chess Tmnt"]
[Site "Sant Boi de Llobregat, Spain"]
[Date "2023.12.01"]
[Round "2.47"]
[White "Rey Martinez, Jaime"]
[Black "Peralta, Fernando"]
[Result "1/2-1/2"]
[TimeControl "90min/40moves + 15min/end + 30sec from move 1"]
[WhiteFideId "54549264"]
[BlackFideId "105309"]
[WhiteElo "2344"]
[BlackElo "2580"]

1. e4 c6 2. Nf3 d5 3. Nc3 dxe4 4. Nxe4 Nf6 5. Qe2 Na6 6. d4 Qd5 7. Nc3 Qa5 8. Ne5 Nb4 9. Nc4 Qc7 10.
a3 Nbd5 11. Nxd5 Nxd5 12. g3 g6 13. Qe5 Qxe5+ 14. Nxe5 Bg7 15. Bg2 O-O 16. O-O Bf5 17. c3 Rfd8 18. Re1 a5 19. Be4 Bxe4 20.
Rxe4 a4 21. Nd3 Bf6 22. Bf4 Nxf4 23. Nxf4 b6 24. Rae1 e6 25. R1e2 Be7 26. Nd3 Rac8 27. Ne5 Rc7 28. Kf1 b5 29.
Nd3 c5 30. Nxc5 Bxc5 31. dxc5 Rxc5 32. Re5 Rd1+ 33. Kg2 Rdd5 34. Rxd5 Rxd5 35. Re4 e5 36. c4 bxc4 37. Rxc4 Rd2 38.
Rxa4 Rxb2 39. g4 Kg7 40. g5 h6 41. h4 hxg5 42. hxg5 Kf8 43. Ra8+ Ke7 44. Ra7+ Ke6 45. Ra6+ Kf5 1/2-1/2

[Event "IV Elllobregat Open Chess Tmnt"]
[Site "Sant Boi de Llobregat, Spain"]
[Date "2023.12.01"]
[Round "2.48"]
[White "Gombocz, Ferenc Jr."]
[Black "Sosa, Tomas"]
[Result "1/2-1/2"]
[TimeControl "90min/40moves + 15min/end + 30sec from move 1"]
[WhiteFideId "775029"]
[BlackFideId "121576"]
[WhiteElo "2319"]
[BlackElo "2558"]

1. c4 g6 2. g3 Bg7 3. Bg2 e5 4. Nc3 f5 5. d3 d6 6. e4 Nf6 7. Nge2 O-O 8. O-O f4 9. gxf4 Nh5 10.
f5 Nc6 11. Nd5 gxf5 12. exf5 Bxf5 13. Ng3 Nxg3 14. fxg3 Qd7 15. Be3 Rae8 16. Qd2 Nd4 1/2-1/2

[Event "IV Elllobregat Open Chess Tmnt"]
[Site "Sant Boi de Llobregat, Spain"]
[Date "2023.12.01"]
[Round "2.49"]
[White "Yordanov, Lachezar"]
[Black "Jacobson, Brandon"]
[Result "0-1"]
[TimeControl "90min/40moves + 15min/end + 30sec from move 1"]
[WhiteFideId "2918927"]
[BlackFideId "30901561"]
[WhiteElo "2323"]
[BlackElo "2538"]

1. Nf3 d5 2. d4 Nf6 3. Bf4 c5 4. e3 Nc6 5. Nbd2 e6 6. c3 Be7 7. Bd3 Nh5 8. Bg3 Bd7 9. Qe2 Qb6 10.
Rb1 Nxg3 11. hxg3 h5 12. dxc5 Qxc5 13. e4 O-O-O 14. O-O Kb8 15. Rfc1 g5 16. b4 Qd6 17. e5 Qc7 18. b5 Na5 19.
c4 Qb6 20. cxd5 exd5 21. Rc6 Nxc6 22. bxc6 Qxc6 23. Ba6 Bc8 24. Nd4 Qa4 25. Qd3 Bc5 26. N2b3 Bb6 27. Bb5 Qa3 28. Qd2 h4 29.
Qxg5 Rdg8 30. Qf4 hxg3 31. f3 Qxa2 32. Nd2 Rh4 0-1

[Event "IV Elllobregat Open Chess Tmnt"]
[Site "Sant Boi de Llobregat, Spain"]
[Date "2023.12.01"]
[Round "2.50"]
[White "Alsina Leal, Daniel"]
[Black "Ohler, Julius"]
[Result "1-0"]
[TimeControl "90min/40moves + 15min/end + 30sec from move 1"]
[WhiteFideId "2252627"]
[BlackFideId "16238982"]
[WhiteElo "2533"]
[BlackElo "2273"]

1. e4 c6 2. Nf3 d5 3. Nc3 dxe4 4. Nxe4 Nf6 5. Qe2 Na6 6. d4 Bg4 7. c3 Qd5 8. Ned2 Nc7 9. h3 Bh5 10.
g4 Bg6 11. Bg2 Ne6 12. Nh4 Qa5 13. Nc4 Qa6 14. Nxg6 hxg6 15. Nd6+ exd6 16. Qxa6 bxa6 17. Bxc6+ Kd8 18. Bxa8 1-0

[Event "IV Elllobregat Open Chess Tmnt"]
[Site "Sant Boi de Llobregat, Spain"]
[Date "2023.12.01"]
[Round "2.51"]
[White "Tyurin, Artem"]
[Black "Arizmendi Martinez, Julen Luis"]
[Result "1/2-1/2"]
[TimeControl "90min/40moves + 15min/end + 30sec from move 1"]
[WhiteFideId "44130112"]
[BlackFideId "2205092"]
[WhiteElo "2302"]
[BlackElo "2525"]

1. c4 e6 2. Nc3 d5 3. d4 Nf6 4. cxd5 exd5 5. Bg5 c6 6. e3 Bd6 7. Bd3 O-O 8. Nf3 Be6 9. Ne5 c5 10.
O-O Nc6 11. Nxc6 bxc6 12. Na4 c4 13. Bc2 h6 14. Bh4 Be7 15. b3 Nd7 16. Bg3 Qa5 17. Rb1 cxb3 18. axb3 Bb4 19. Nb2 c5 20.
Nd3 Rfc8 21. Nf4 Qb6 22. e4 Nf6 23. exd5 Bg4 24. f3 1/2-1/2

[Event "IV Elllobregat Open Chess Tmnt"]
[Site "Sant Boi de Llobregat, Spain"]
[Date "2023.12.01"]
[Round "2.52"]
[White "Lucas, Arthur"]
[Black "Samadov, Read"]
[Result "1-0"]
[TimeControl "90min/40moves + 15min/end + 30sec from move 1"]
[WhiteFideId "26093073"]
[BlackFideId "13417444"]
[WhiteElo "2316"]
[BlackElo "2506"]

1. e4 c5 2. Nf3 d6 3. d4 cxd4 4. Nxd4 Nf6 5. Nc3 a6 6. Rg1 b5 7. a4 b4 8. Nd5 e6 9. Nxf6+ Qxf6 10.
Be3 Bb7 11. Qd2 Bxe4 12. Qxb4 Nd7 13. O-O-O Rb8 14. Qa5 Be7 15. g4 O-O 16. g5 Qg6 17. f3 Ba8 18. Bd3 Qh5 19. Bxa6 Nc5 20.
Bb5 Rfc8 21. Kb1 Bf8 22. Qd2 e5 23. Nf5 Bxf3 24. Rdf1 Be4 25. Qf2 Rxb5 26. Nh6+ gxh6 27. gxh6+ Bg7 28.
Rxg7+ Kh8 29. axb5 f5 30. Bxc5 Rxc5 31. Rfg1 Rc8 32.
Rxh7+ Kxh7 33. Qa7+ 1-0

[Event "IV Elllobregat Open Chess Tmnt"]
[Site "Sant Boi de Llobregat, Spain"]
[Date "2023.12.01"]
[Round "2.53"]
[White "Szpar, Milosz"]
[Black "Fiorito, Fabian"]
[Result "1-0"]
[TimeControl "90min/40moves + 15min/end + 30sec from move 1"]
[WhiteFideId "1184989"]
[BlackFideId "100200"]
[WhiteElo "2485"]
[BlackElo "2318"]

1. e4 c5 2. Nf3 Nc6 3. d4 cxd4 4. Nxd4 Qb6 5. Nb3 Nf6 6. Nc3 e6 7. Qe2 d6 8. g4 a6 9. g5 Nd7 10.
h4 Qc7 11. h5 b5 12. a3 Nce5 13. f4 Nc4 14. a4 b4 15. Qxc4 Qxc4 16. Bxc4 bxc3 17. bxc3 Bb7 18. Bd3 f5 19.
gxf6 Nxf6 20. Nd2 e5 21. Rb1 Bc6 22. fxe5 dxe5 23. Rb6 Bxa4 24. Re6+ Kd7 25. Rxe5 Bc6 26. Rg1 Rb8 27. Bxa6 Kc7 28.
Bd3 Re8 29. Rxe8 Bxe8 30. h6 gxh6 31. Nc4 Rg8 32. Rf1 Ng4 33. Bf4+ Kd8 34. Ke2 h5 35. Rb1 Nf6 36. Rb8+ Ke7 37.
Rb7+ Nd7 38. Ne3 Rg6 39. Nd5+ Kd8 40. Ra7 Kc8 41. Ra8+ 1-0

[Event "IV Elllobregat Open Chess Tmnt"]
[Site "Sant Boi de Llobregat, Spain"]
[Date "2023.12.01"]
[Round "2.54"]
[White "Martinez Ramirez, Lennis"]
[Black "Nurgaliyev, Sauat"]
[Result "1/2-1/2"]
[TimeControl "90min/40moves + 15min/end + 30sec from move 1"]
[WhiteFideId "3509079"]
[BlackFideId "13726285"]
[WhiteElo "2461"]
[BlackElo "2235"]

1. c4 c5 2. Nf3 Nc6 3. Nc3 Nf6 4. d4 cxd4 5. Nxd4 e6 6. e4 Bb4 7. Nxc6 dxc6 8. Qxd8+ Kxd8 9. f3 e5 10.
Be3 b6 11. O-O-O+ Ke7 12. Na4 Nd7 13. a3 Bc5 14. Nxc5 Nxc5 15. b4 Ne6 16. c5 b5 17. a4 a5 18. axb5 axb4 19. Kb2 Ra3 20.
Bf2 cxb5 21. Bxb5 Ba6 22. Rd7+ Kf6 23. Bxa6 Rxa6 24. Ra1 Rxa1 25. Kxa1 Rc8 26. Rd5 Nf4 27. Rd6+ Ke7 28. g3 Ne6 29.
Rd5 f6 30. Be1 Nd4 31. Kb2 Rb8 32. f4 Nc6 33. Rd6 Rc8 34. f5 Kf8 35. g4 Na5 36. Rd7 Rb8 37. h4 Nc4+ 38. Kc1 b3 39.
Bc3 b2+ 40. Bxb2 Rxb2 41. c6 Re2 42. Rd8+ Ke7 43. c7 Nb6 44.
c8=Q Nxc8 45. Rxc8 Rxe4 46. Rc7+ Ke8 47. Rxg7 Kf8 48. Rxh7 Rxg4 49. h5 Rg5 50. h6 Kg8 51. Re7 Rh5 52.
Rg7+ Kh8 53. Rg6 Rxf5 54. Rg7 Rh5 55. Rg6 f5 56. Rf6 f4 57. Kd2 Rh3 58. Re6 Re3 59. Re7 e4 60. h7 Rd3+ 61.
Ke2 f3+ 62. Kf2 Rd2+ 63. Kf1 Re2 64. Rf7 Rb2 65. Re7 Rb1+ 66. Kf2 Rb2+ 67. Kf1 Rb1+ 1/2-1/2